 Dungeon Crawl Stone Soup version 0.28-a0-793-g31680bbd8b (webtiles) character file.

Game seed: 3471128465943518573

1936 BinkBink the Thaumaturge (level 8, -12/41 HPs)
             Began as a Deep Elf Fire Elementalist on Nov 5, 2021.
             Was a Follower of Vehumet.
             Mangled by a two-headed ogre (20 damage)
             ... on level 6 of the Dungeon.
             The game lasted 00:17:35 (6184 turns).

BinkBink the Thaumaturge (DEFE)                     Turns: 6184, Time: 00:17:35

Health: -12/41     AC:  6    Str:  5    XL:     8   Next: 97%
Magic:  32/32      EV: 13    Int: 29    God:    Vehumet [*.....]
Gold:   419        SH:  5    Dex: 15    Spells: 24/25 levels left

rFire   . . .      SeeInvis .   (no weapon)
rCold   . . .      Faith    .   (no shield)
rNeg    . . .      Spirit   .   a - +0 robe
rPois   .          Reflect  +   (no helmet)
rElec   .          Harm     .   h - +2 cloak
rCorr   .          Rampage  .   (no gloves)
Will    .....                   e - +0 pair of boots
Stlth   ++........              p - amulet of reflection
HPRegen 0.13/turn               f - ring of magical power
MPRegen 0.23/turn               t - +6 ring of intelligence

@: no status effects
A: no striking features
a: Renounce Religion


You were on level 6 of the Dungeon.
You worshipped Vehumet.
Vehumet was aware of your devotion.
You visited 2 branches of the dungeon, and saw 7 of its levels.

You collected 419 gold pieces.

Inventory:

Hand Weapons
 n - a +0 short sword of speed
Armour
 a - a +0 robe (worn)
 e - a +0 pair of boots (worn)
 h - a +2 cloak (worn)
 B - +0 ice dragon scales
Jewellery
 f - a ring of magical power (left hand)
 k - an amulet of faith
 m - a ring of poison resistance
 p - an amulet of reflection (around neck)
 t - a +6 ring of intelligence (right hand)
 w - an amulet of magic regeneration
Wands
 r - a wand of charming (10)
 u - a wand of polymorph (12)
Scrolls
 b - 4 scrolls of teleportation {unknown}
 c - a scroll of noise {unknown}
 g - a scroll of amnesia {unknown}
 i - 3 scrolls of identify {unknown}
 j - 3 scrolls of vulnerability {unknown}
 l - 2 scrolls of enchant armour {unknown}
 o - a scroll of brand weapon {unknown}
 q - a scroll of immolation {unknown}
 y - a scroll of fear {unknown}
Potions
 d - a potion of cancellation {unknown}
 s - a potion of resistance {unknown}
 v - a potion of magic {unknown}
 x - a potion of mutation {unknown}
 z - a potion of flight {unknown}
 A - a potion of degeneration {unknown}


   Skills:
 - Level 3.0 Dodging
 - Level 2.4 Stealth
 + Level 0.5 Shields
 + Level 9.2 Spellcasting
 + Level 7.0 Conjurations
 + Level 8.1 Fire Magic


You had 24 spell levels left.
You knew the following spells:

 Your Spells              Type           Power      Damage    Failure   Level
a - Foxfire               Conj/Fire      100%       2x1d9     1%          1

Your spell library contained the following spells:

 Spells                   Type           Power      Damage    Failure   Level
 Magic Dart               Conj           100%       1d8       1%          1
 Scorch                   Fire           100%       2d10      1%          2
 Conjure Flame            Conj/Fire      55%        6-21      1%          3
 Flame Wave               Conj/Fire      55%        3d10      1%          4
 Inner Flame              Hex/Fire       37%        N/A       2%          3
 Sublimation of Blood     Necr           13%        N/A       6%          2
 Irradiate                Conj/Tmut      16%        3d19      26%         5
 Petrify                  Tmut/Erth      13%        N/A       38%         4


Dungeon Overview and Level Annotations

Branches:
Dungeon (6/15)             Temple (1/1) D:4

Altars:
Ashenzari
Cheibriados
Dithmenos
Elyvilon
Fedhas
Gozag
Hepliaklqana
Kikubaaqudgha
Makhleb
Nemelex Xobeh
Okawaru
Qazlal
Ru
Sif Muna
Trog
Uskayaw
Vehumet
Wu Jian
Yredelemnul
Zin
The Shining One


Message History

Found an escape hatch in the floor.
Found 9 gold pieces.
You conjure some foxfire!
The two-headed ogre barely misses you. The two-headed ogre misses you.
The foxfire hits the two-headed ogre.
The two-headed ogre is lightly wounded.
The foxfire hits the two-headed ogre.
The two-headed ogre is lightly wounded.
Items here: ( ) [ รท.
You conjure some foxfire!
The foxfire hits the two-headed ogre.
The two-headed ogre is moderately wounded.
The foxfire hits the two-headed ogre.
The two-headed ogre is moderately wounded.
Things that are here:
a +1 dagger of protection; a +0 robe; an orc skeleton You conjure some foxfire!
The foxfire hits the two-headed ogre.
The two-headed ogre is moderately wounded.
The foxfire hits the two-headed ogre.
The two-headed ogre is moderately wounded.
There is a stone staircase leading up here.
Found a stone staircase leading down.
Found a stone staircase leading up.
An orc comes into view. It is wielding a +0 short sword.
You conjure some foxfire!
The two-headed ogre hits you with a +0 giant spiked club!!
Ouch! That really hurt!
The two-headed ogre completely misses you.
The foxfire hits the two-headed ogre.
The two-headed ogre is moderately wounded.
The foxfire hits the two-headed ogre but does no damage.
The two-headed ogre is moderately wounded.
You block the two-headed ogre's attack.
The two-headed ogre hits you with a +0 giant club!
* * * LOW HITPOINT WARNING * * *
There is a stone staircase leading down here.
You are too injured to fight recklessly!
There is a stone staircase leading up here.
The two-headed ogre hits you with a +0 giant spiked club!!
You die...

... .....#.......##.###.....
..... .......##.....##)..#.....
.... ..........###.....).........
... ... #.........##............
.###... ...............)........
..#<... ........................
.....##.. ##....................
....##..####.....................
..### ..........@#..............#
....###.....##.O.#.............##
.........## ##...#.##........#.#
......#..# ##<.....###..#...####
......#..###.....#......##.##
...<...........####.....####
.#....##.........#.......#
##..........###.........##
#...........####.####..##


You could see a two-headed ogre.

Vanquished Creatures
  Grinder (D:5)
  Sigmund (D:5)
  Menkaure (D:4)
  3 water moccasins
  An ice beast (D:5)
  An ogre (D:4)
  A phantom (D:5)
  A bullfrog (D:4)
  A scorpion (D:5)
  A water moccasin zombie (D:5)
  A water moccasin skeleton (D:6)
  A vampire bat (D:4)
  3 orc priests (D:6)
  3 hounds
  2 jellies
  2 orc wizards (D:6)
  Natasha (thrice) (D:4)
  An iguana (D:5)
  A killer bee zombie (D:6)
  A hound zombie (D:5)
  3 gnolls (D:2)
  A howler monkey skeleton (D:4)
  6 adders
  An ufetubus (D:4)
  A worm (D:2)
  4 dart slugs (D:3)
  10 orcs
  4 ball pythons
  12 bats
  8 endoplasms
  3 giant cockroaches
  5 goblins
  6 hobgoblins
  4 jackals
  A quokka (D:3)
  6 frilled lizards
  6 kobolds
  7 rats
118 creatures vanquished.

Vanquished Creatures (collateral kills)
  2 foxfires
2 creatures vanquished.

Vanquished Creatures (others)
  496 foxfires
  4 plants (D:4)
500 creatures vanquished.

Grand Total: 620 creatures vanquished

Notes
Turn   | Place    | Note
-------+----------+-------------------------------------------
     0 | D:1      | BinkBink the Deep Elf Fire Elementalist began the quest for
                  | the Orb.
     0 | D:1      | Reached XP level 1. HP: 10/10 MP: 6/6
   430 | D:1      | Reached XP level 2. HP: 15/15 MP: 6/8
  1012 | D:2      | Reached XP level 3. HP: 19/19 MP: 7/9
  1543 | D:3      | Reached XP level 4. HP: 21/24 MP: 11/11
  1753 | D:3      | Reached skill level 4 in Spellcasting
  2190 | D:3      | Found a faded altar of an unknown god.
  2461 | D:3      | Reached XP level 5. HP: 26/28 MP: 13/13
  2821 | D:4      | Noticed Natasha
  2825 | D:4      | Killed Natasha
  2826 | D:4      | Reached skill level 5 in Spellcasting
  2826 | D:4      | Reached skill level 5 in Fire Magic
  2910 | D:4      | Found a staircase to the Ecumenical Temple.
  2919 | D:4      | Reached XP level 6. HP: 32/32 MP: 16/16
  2993 | Temple   | Entered the Ecumenical Temple
  3055 | Temple   | Became a worshipper of Vehumet
  3178 | D:4      | Noticed Natasha
  3184 | D:4      | Killed Natasha
  3408 | D:4      | Noticed Menkaure
  3412 | D:4      | Killed Menkaure
  3413 | D:4      | Reached skill level 6 in Spellcasting
  3496 | D:4      | Identified the +0 ring mail "Momatigoib" {Dex+3}
  3630 | D:4      | Noticed Natasha
  4027 | D:4      | Reached XP level 7. HP: 36/36 MP: 18/18
  4029 | D:4      | Killed Natasha
  4140 | D:5      | Entered Level 5 of the Dungeon
  4140 | D:5      | Noticed Grinder
  4149 | D:5      | Killed Grinder
  4150 | D:5      | Reached skill level 7 in Spellcasting
  4150 | D:5      | Reached skill level 5 in Conjurations
  4738 | D:5      | Reached XP level 8. HP: 41/41 MP: 21/21
  4788 | D:5      | Noticed Sigmund
  4795 | D:5      | Killed Sigmund
  4796 | D:5      | Reached skill level 8 in Spellcasting
  5591 | D:6      | Reached * piety under Vehumet
  5591 | D:6      | Offered knowledge of Magic Dart by Vehumet.
  5683 | D:6      | Reached skill level 9 in Spellcasting
  5945 | D:6      | Noticed a two-headed ogre
  6184 | D:6      | Mangled by a two-headed ogre

Illustrated notes

Levels and vault maps discovered:
D:1:      dpeg_arrival_oval, layout_basic, st_stairs_3, minmay_misc_feat_chi,
          amethyst_killhole
D:2:      layout_rooms, grunt_decor_one_mirror
D:3:      layout_loops_ring, ebering_ecumenical_altar_webs,
          kennysheep_minor_cross, hangedman_decor_push, minmay_pentangle
D:4:      layout_basic, minmay_temple_entry_grid, nrook_mini_vaults,
          minmay_misc_feat_five, roderic_batcave, chequers_serial_rivers_room_b,
          serial_bayou_pond_e, serial_bayou_ford_a, nrook_campfire,
          uniq_natasha, uniq_menkaure
D:5:      layout_layer_cave, uniq_sigmund, uniq_grinder
D:6:      minmay_chambers_of_fours, layout_cave_pools
Temple:   regret_index_temple_sigil_plot

Skill      XL: |  1  2  3  4  5  6  7  8 |
---------------+-------------------------+-----
Dodging        | 3 |  3.0
Fire Magic     | 4 5 6 8 |  8.1
Spellcasting   | 4 5 6 7 9 |  9.2
Conjurations   | 2 3 4 5 7 |  7.0
Stealth        | |  2.4
Shields        | |  0.5

Action                   |  1- 3 |  4- 6 |  7- 9 || total
-------------------------+-------+-------+-------++-------
 Cast: Foxfire           |    59 |   109 |   143 ||   311
  Use: Potion            |       |       |     2 ||     2
Armor: Robe              |     9 |     9 |     7 ||    25
Dodge: Dodged            |    28 |     3 |    22 ||    53
Block: Other             |       |     4 |     5 ||     9

Table legend: (Time is in decaauts)
 A = Elapsed time spent in this place.
 B = Non-inter-level travel time spent in this place.
 C = Inter-level travel time spent in this place.
 D = Time resting spent in this place.
 E = Time spent auto-exploring this place.
 F = Levels seen in this place.
 G = Mean time per level.
                   A        B        C        D        E       F      G
               +--------+--------+--------+--------+--------+-----+--------+
         Total |   6201 |   5971 |    230 |      0 |   5038 |   7 |  885.9 |
       Dungeon |   6060 |   5844 |    216 |      0 |   4960 |   6 | 1010.0 |
        Temple |    140 |    126 |     14 |      0 |     78 |   1 |  140.0 |
               +--------+--------+--------+--------+--------+-----+--------+

Top non-repeatable levels by time:
     D:4: 1413 daAuts
     D:5: 1247 daAuts
     D:3: 1073 daAuts
     D:2: 811 daAuts
     D:6: 806 daAuts
     D:1: 708 daAuts
  Temple: 140 daAuts
